 Dungeon Crawl Stone Soup version 0.30.1-9-gdf580d7c3d (webtiles) character file.

Game seed: 17000107143404621880

28 Woods the Ruffian (level 2, -3/24 HPs)
             Began as a Draconian Transmuter on Oct 18, 2023.
             Shot with an arrow by a centaur (12 damage)
             ... on level 5 of the Dungeon.
             The game lasted 00:01:46 (1605 turns).

Woods the Ruffian (Draconian Transmuter)            Turns: 1605, Time: 00:01:47

Health: -3/24      AC:  4    Str: 12    XL:     2   Next: 96%
Magic:  5/5        EV: 12    Int: 13    God:
Gold:   71         SH:  0    Dex: 11    Spells: 2/5 levels left

rFire   . .          .
                       - Unarmed
rCold   . . .        (no shield)
rNeg    . . .        (body armour unavailable)
rPois   .            (helmet restricted)
rElec   .            (no cloak)
rCorr   .            (no gloves)
SInv    .            (no boots)
Will    .....        (no amulet)
Stlth   +            (no ring)
HPRegen 0.24/turn    (no ring)
MPRegen 0.09/turn

%: no passive effects
@: no status effects
A: AC +4, unfitting armour, cold-blooded
a: no special abilities


You were on level 5 of the Dungeon.
You visited 1 branch of the dungeon, and saw 4 of its levels.

You collected 71 gold pieces.

Inventory:

Scrolls
 b - a scroll of noise {unknown}
 c - a scroll of identify {unknown}
 d - a scroll of magic mapping {unknown}
 i - a scroll of teleportation {unknown}
 j - a scroll of fear {unknown}
 k - a scroll of poison {unknown}
Potions
 a - a potion of lignification
 e - 4 potions of haste {unknown}
 f - a potion of flight {unknown}
 g - a potion of curing {unknown}
 h - a potion of mutation {unknown}
 l - a potion of might {unknown}


   Skills:
 + Level 1.7 Fighting
 + Level 2.1 Dodging
 + Level 3.2 Unarmed Combat
 + Level 2.2 Spellcasting
 + Level 2.3 Transmutations


You had 2 spell levels left.
You knew the following spells:

 Your Spells              Type           Power      Damage    Failure   Level
a - Beastly Appendage     Tmut           14%        N/A       10%         1
b - Wereblood             Tmut           7%         N/A       14%         2

Your spell library contained the following spells:

 Spells                   Type           Power      Damage    Failure   Level
 Spider Form              Tmut/Pois      4%         N/A       43%         3
 Ice Form                 Ice/Tmut       4%         N/A       83%         4


Dungeon Overview and Level Annotations

Branches:
Dungeon (3/15)

Altars:
Sif Muna


Innate Abilities, Weirdness & Mutations

Your plain brown scales are hard. (AC +4)
You cannot fit into any form of body armour.
You are cold-blooded and may be slowed by cold attacks.


Message History

You hit the hobgoblin.
The hobgoblin is severely wounded.
The hobgoblin hits you.
You closely miss the hobgoblin. You tail-slap the hobgoblin.
The hobgoblin is almost dead.
The hobgoblin hits you but does no damage.
Casting: Beastly Appendage (safe; 10% risk of failure)
Confirm with . or Enter, or press ? or * to list all spells.
You miscast Beastly Appendage.
You are very lightly contaminated with residual magic.
Nothing appears to happen.
The hobgoblin hits you but does no damage.
You closely miss the hobgoblin. You tail-slap the hobgoblin.
You kill the hobgoblin!
You see here a hobgoblin corpse.
Found a stone staircase leading up.
There is a stone staircase leading up here.
Memorise Wereblood, consuming 2 spell levels and leaving 2?
You start memorising the spell.
You continue memorising. x2
You finish memorising.
Spell assigned to 'b'.
Your magical contamination has completely faded away.
Magic restored.
Found a stone.
A sourceless malevolence fills the Dungeon...
You fall into a shaft and drop 2 floors!
The shaft crumbles and collapses.
You hear the sound of rushing water.
There is an entrance to a sewer on this level.
Hurry and find it before the portal rusts away!
Found a stone staircase leading down.
Found a blackened bone wand.
A centaur comes into view.
The centaur shouts!
The centaur wields a +0 shortbow.
The centaur shoots an arrow.
The arrow hits you!
The centaur shoots an arrow.
The arrow closely misses you.
The centaur shoots an arrow.
The arrow barely misses you.
The centaur shoots an arrow.
The arrow hits you!
The centaur shoots an arrow.
The arrow hits you!
Ouch! That really hurt!
You die...

#...... #.#.#.#.#
#......###.#.#.#.#
#..........#.#.#..
#........#.#.#.#.#
#.......##.#.#.#.#
#.......##.#.#.# #
#####....#.#.#.#
.. #......# #... #
#...@### #.
#.....## #
#...#..#.#
.......##...#
........./......#
......#####...c.#
...... .....#
...... .....#
...... ...##


You could see a centaur.

Vanquished Creatures
  5 endoplasms
  3 goblins
  2 hobgoblins
  4 jackals (D:2)
  2 kobolds
  2 quokkas
  2 ball pythons
  2 frilled lizards (D:2)
  A rat (D:2)
23 creatures vanquished.

Notes
Turn   | Place    | Note
-------+----------+-------------------------------------------
     0 | D:1      | Woods the Draconian Transmuter began the quest for the Orb.
     0 | D:1      | Reached XP level 1. HP: 16/16 MP: 3/3
   432 | D:1      | Found a faded altar of an unknown god.
   865 | D:2      | Found a shimmering blue altar of Sif Muna.
   873 | D:2      | Reached XP level 2. HP: 23/23 MP: 3/5
  1575 | D:3      | Learned a level 2 spell: Wereblood
  1588 | D:3      | You fall into a shaft and drop 2 floors!
  1588 | D:5      | Entered Level 5 of the Dungeon
  1601 | D:5      | Noticed a centaur
  1605 | D:5      | Shot with an arrow by a centaur

Illustrated notes

Levels and vault maps discovered:
D:1:      dpeg_arrival_fog, layout_loops_corners, ebering_ecumenical_altar_mist
D:2:      layout_loops_ring, basic_altar
D:3:      layout_loops_ring, minivault_14, chequers_serial_rivers_micro_c,
          hangedman_abyss_or_decor_lesser_grid
D:5:      layout_cave_pools, minmay_temple_entry_arrows,
          serial_co_window_serial, co_window_cross_1,
          co_window_of_opportunity_a, co_window_paths_b, co_window_corner_a,
          co_window_corner_a, co_window_2corner, co_window_broadway_b,
          co_window_unsneaky_path_b, co_window_paths_e, co_window_4corner_a,
          glass_columns_b, glass_columns_b, glass_columns_a, glass_columns_b,
          glass_columns_a, lightli_sewer_entry_pipes

Skill      XL: |  1  2 |
---------------+-------+-----
Dodging        | 2 |  2.1
Fighting       | |  1.7
Unarmed Combat | |  3.2
Spellcasting   | |  2.2
Transmutations | |  2.3

Action                     || total
---------------------------++-------
  Melee: Unarmed           ||    67
         Tailslap          ||     8
         Kick              ||     9
         Headbutt          ||     8
   Cast: Beastly Appendage ||    12
 Armour: Skin              ||    20
  Dodge: Dodged            ||    44
